 Dungeon Sprint DCSS version 0.23.2-40-g277498a001 (webtiles) character file.

Game seed: 12002503594763151606

311 alasdair19 the Blocker (level 6, -3/62 HPs)
             Began as a Minotaur Fighter on Jan 15, 2022.
             Slain by an earth elemental (7 damage)
             ... in the Dungeon (Sprint III: "The Ten Rune Challenge").
             The game lasted 00:02:35 (390 turns).

alasdair19 the Blocker (Minotaur Fighter)            Turns: 390, Time: 00:02:36

Health: -3/62      AC:  8    Str: 23    XL:     6   Next: 18%
Magic:  5/5        EV:  8    Int:  5    God:
Gold:   22         SH: 11    Dex:  9    Spells: 5/5 levels left

rFire    . . .     SeeInvis .   a - +0 long sword
rCold    . . .     Gourm    .   c - +0 shield
rNeg     . . .     Faith    .   b - +0 scale mail
rPois    .         Spirit   .   (helmet restricted)
rElec    .         Reflect  .   (no cloak)
rCorr    .         Harm     .   (no gloves)
MR       .....     NoTele   +   (no boots)
Stlth    ..........             (no amulet)
HPRegen  0.20/turn              (no ring)
MPRegen  0.09/turn              (no ring)

@: drained, very slow
A: retaliatory headbutt, horns 2
a: no special abilities


You were in the Dungeon.
You were not hungry.

You visited 1 branch You collected 22 gold pieces.

Inventory:

Hand Weapons
 a - a +0 long sword (weapon)
Armour
 b - a +0 scale mail (worn)
 c - a +0 shield (worn)
Scrolls
 k - a scroll of blinking
 n - a scroll of immolation {unknown}
 o - a scroll of identify {unknown}
 p - a scroll of enchant armour {unknown}
 r - a scroll of holy word {unknown}
 s - a scroll of magic mapping {unknown}
 t - a scroll of remove curse {unknown}
Potions
 d - a potion of might
 e - a potion of curing
 g - a potion of heal wounds
 h - a potion of haste
 i - 2 potions of magic
 j - a potion of berserk rage
 l - 2 potions of invisibility {unknown}
 m - 5 potions of mutation {unknown}
 q - a potion of flight {unknown}
Comestibles
 f - 5 rations


   Skills:
 + Level 8.3(7.1) Fighting
 + Level 6.5(5.4) Long Blades
 + Level 9.2(8.0) Armour
 + Level 1.4(0.4) Dodging
 + Level 9.3(8.1) Shields


You had 5 spell levels left.
You didn't know any spells.
Your spell library was empty.

Dungeon Overview and Level Annotations

Branches:
Dungeon (1/1)

Altars:

Annotations:
D Josephine


Innate Abilities, Weirdness & Mutations

You reflexively headbutt those who attack you in melee.
You have a pair of horns on your head.


Message History

Josephine casts a spell at you.
The ghostly flame explodes!
The ghostly fireball engulfs you!!
You feel drained.
* * * LOW HITPOINT WARNING * * *
The ghostly fireball engulfs Josephine.
Josephine completely resists.
Your unstable footing causes you to fumble your attack.
Josephine completely misses you.
You hit Josephine.
Josephine is moderately wounded.
An earth elemental comes into view.
You block Josephine's attack.
Your unstable footing causes you to fumble your attack.
You block Josephine's attack.
You hit Josephine.
Josephine is moderately wounded.
Josephine hits you but does no damage.
You closely miss Josephine.
Josephine is moderately wounded.
Josephine splashes around in the water.
The earth elemental hits you!
You die...

# # #
###+#+###+##
#..........#
'.⌠........#
#...######'#
#.⌠.#
#...#+#######
#...#
#...#§.≈≈@E.#
#+###
#...#§#§§@#.#
# #...'.#§§§#
# #
+...#.#.§§# ▓
▓▓▓▓▓▓▓▓▓▓▓


You could see Josephine and an earth elemental.

Vanquished Creatures
  A shadow (D)
  A water elemental (D)
  A jelly (D)
  Jessica (D)
  A human (D)
  An ooze (D)
  A phantom (D)
  2 rats (D)
9 creatures vanquished.

Vanquished Creatures (others)
  2 draconian scorchers (D)
  6 hellions (D)
  A yaktaur (D)
  3 plants (D)
12 creatures vanquished.

Grand Total: 21 creatures vanquished

Notes
Turn   | Place    | Note
-------+----------+-------------------------------------------
     0 | D        | alasdair19 the Minotaur Fighter began the quest for the
                  | Orb.
     0 | D        | Reached XP level 1. HP: 19/19 MP: 0/0
    33 | D        | Noticed Jessica
    37 | D        | Killed Jessica
    37 | D        | Reached skill level 5 in Fighting
    37 | D        | Reached skill level 5 in Armour
    37 | D        | Reached skill level 5 in Shields
    37 | D        | Reached XP level 2. HP: 29/29 MP: 1/1
    37 | D        | Reached XP level 3. HP: 36/36 MP: 2/2
    81 | D        | Killed a hellion
    82 | D        | Killed a hellion
    95 | D        | Killed a hellion
    97 | D        | Killed a hellion
    97 | D        | Killed a hellion
    98 | D        | Killed a hellion
   108 | D        | Noticed a water elemental
   113 | D        | Killed a water elemental
   113 | D        | Reached XP level 4. HP: 13/45 MP: 3/3
   124 | D        | Killed a yaktaur
   139 | D        | Killed a white draconian scorcher
   175 | D        | Killed a white draconian scorcher
   352 | D        | Noticed a shadow
   359 | D        | Reached skill level 5 in Long Blades
   359 | D        | Reached XP level 5. HP: 35/52 MP: 4/4
   366 | D        | Killed a shadow
   366 | D        | Reached skill level 1 in Dodging
   366 | D        | Reached XP level 6. HP: 39/62 MP: 5/5
   378 | D        | Noticed Josephine
   385 | D        | HP: 3/62 [Josephine/ghostly fireball (28)]
   390 | D        | Slain by an earth elemental

Skill      XL: |  1  2  3  4  5 |
---------------+----------------+-----
Fighting       | 5 6 7 8 |  8.3
Armour         | 5 7 9 |  9.2
Shields        | 5 7 9 |  9.3
Long Blades    | 3 4 5 6 |  6.5
Dodging        | 1 |  1.4

Action                   |  1- 3 |  4- 6 || total
-------------------------+-------+-------++-------
Melee: Long sword        |    29 |    23 ||    52
       Headbutt          |     5 |     2 ||     7
Armor: Scale mail        |     7 |     9 ||    16
Dodge: Dodged            |     8 |     6 ||    14
Block: Shield            |    18 |     8 ||    26
       Rpst.: Long sword |     5 |     2 ||     7
